 Dungeon Crawl Stone Soup version 0.29.1-2-gbd0b4ee654 (webtiles) character file.

Game seed: 1118078587376731269

1163 Anriel the Covered (level 8, 0/90 HPs)
             Began as a Human Fighter on Oct 26, 2022.
             Was an Initiate of Okawaru.
             Slain by a two-headed ogre
             ... wielding a +0 giant spiked club
              (15 damage)
             ... on level 5 of the Dungeon.
             The game lasted 00:31:20 (5381 turns).

Anriel the Covered (Human Fighter)                  Turns: 5381, Time: 00:31:21

Health: 0/90       AC: 14    Str: 22    XL:     8   Next: 67%
Magic:  8/8        EV: 11    Int:  8    God:    Okawaru [......]
Gold:   62         SH:  5    Dex: 17    Spells: 7/7 levels left

rFire   . . .      SeeInvis .   a - +1 long sword (freeze)
rCold   . . .      Faith    .   c - +0 buckler
rNeg    . . .      Spirit   .   w - +5 ring mail of Xuam {+Blink Will+ Str+3 Dex+4}
rPois   .          Reflect  .   x - +0 helmet
rElec   .          Harm     .   m - +1 cloak
rCorr   .          Rampage  .   (no gloves)
Will    +....                   (no boots)
Stlth   ..........              (no amulet)
HPRegen 0.25/turn               (no ring)
MPRegen 0.11/turn               (no ring)

@: berserking, very quick
A: no striking features
a: Renounce Religion, Evoke Blink


You were on level 5 of the Dungeon.
You worshipped Okawaru.
Okawaru was noncommittal.
You visited 2 branches of the dungeon, and saw 6 of its levels.

You collected 293 gold pieces.
You spent 231 gold pieces at shops.

Inventory:

Hand Weapons
 a - a +1 long sword of freezing (weapon)
 o - the +10 dagger of the Toadstool {drain, Fly rCorr Stlth+}
   (You found it on level 3 of the Dungeon)

   A truly terrible weapon, it drains the life of any living foe it strikes.
   Fly:       It grants you flight.
   rCorr:     It protects you from acid and corrosion.
   Stlth:     It makes you more stealthy.
 r - a +0 dagger of speed
 t - the +4 arbalest of Terra Cotta {vorpal, rPois rF+ rN+}
   (You bought it in a shop on level 2 of the Dungeon)

   Any ammunition fired from it inflicts extra damage upon your enemies.
   rF:        It protects you from fire.
   rPois:     It protects you from poison.
   rN:        It protects you from negative energy.
Missiles
 g - 14 boomerangs (quivered)
 n - 2 throwing nets
 q - 3 javelins
Armour
 c - a +0 buckler (worn)
 h - a +0 ring mail of cold resistance
 m - a +1 cloak (worn)
 w - the +5 ring mail of Xuam (worn) {+Blink Will+ Str+3 Dex+4}
   (You found it on level 4 of the Dungeon)

   Str:       It affects your strength (+3).
   Dex:       It affects your dexterity (+4).
   +Blink:    It lets you blink.
   Will:      It increases your willpower.
 x - a +0 helmet (worn)
Jewellery
 j - a +6 ring of intelligence
 p - a ring of resist corrosion
Wands
 y - a wand of mindburst (9)
Scrolls
 b - 2 scrolls of teleportation
 k - 2 scrolls of enchant armour
Potions
 d - a potion of might
 f - 3 potions of brilliance {unknown}
 i - 4 potions of flight
 z - a potion of cancellation {unknown}


   Skills:
 + Level 4.1 Fighting
 + Level 5.3 Long Blades
 + Level 3.5 Throwing
 * Level 5.4 Armour
 + Level 1.8 Dodging
 * Level 4.8 Shields
 * Level 2.1 Evocations


You had 7 spell levels left.
You didn't know any spells.
Your spell library contained the following spells:

 Spells                   Type           Power      Damage    Failure   Level
 Apportation              Tloc           0%         N/A       65%         1
 Alistair's Intoxication  Tmut/Pois      0%         N/A       100%        5


Dungeon Overview and Level Annotations

Branches:
Dungeon (5/15)             Temple (1/1) D:5

Altars:
Ashenzari
Cheibriados
Dithmenos
Elyvilon
Fedhas
Gozag
Hepliaklqana
Kikubaaqudgha
Makhleb
Okawaru
Qazlal
Ru
Sif Muna
Trog
Uskayaw
Vehumet
Wu Jian
Xom
Yredelemnul
Zin
The Shining One

Shops:
D:2 ::(*


Message History

You slash the two-headed ogre! You freeze the two-headed ogre.
The two-headed ogre is lightly wounded.
The two-headed ogre hits you with a +0 giant spiked club!
The two-headed ogre misses you.
You barely miss the two-headed ogre.
The two-headed ogre is lightly wounded.
You hit the two-headed ogre. You freeze the two-headed ogre.
The two-headed ogre is moderately wounded.
The two-headed ogre misses you. The two-headed ogre barely misses you.
You closely miss the two-headed ogre.
The two-headed ogre is moderately wounded.
The two-headed ogre hits you with a +0 giant spiked club!
You block the two-headed ogre's attack.
You hit the two-headed ogre. You freeze the two-headed ogre.
The two-headed ogre is moderately wounded.
The two-headed ogre closely misses you. You block the two-headed ogre's attack.
You slash the two-headed ogre! You freeze the two-headed ogre.
The two-headed ogre is heavily wounded.
You barely miss the two-headed ogre.
The two-headed ogre is heavily wounded.
You block the two-headed ogre's attack.
The two-headed ogre hits you with a +0 dire flail!
The two-headed ogre attacks as you move away!
The two-headed ogre closely misses you.
The two-headed ogre hits you but does no damage.
You feel better. The two-headed ogre barely misses you.
The two-headed ogre hits you but does no damage.
A red film seems to cover your vision as you go berserk!
You feel yourself moving faster!
You feel mighty!
You slash the two-headed ogre! You freeze the two-headed ogre.
The two-headed ogre is severely wounded.
The two-headed ogre hits you with a +0 giant spiked club!!
The two-headed ogre hits you with a +0 dire flail!
* * * LOW HITPOINT WARNING * * *
You completely miss the two-headed ogre.
The two-headed ogre is severely wounded.
You barely miss the two-headed ogre.
The two-headed ogre is severely wounded.
The two-headed ogre hits you with a +0 giant spiked club!
You die...

#######################
#.....................#
#.###################.#
###.#.........O@......#.#
#
#?.....#.....########.#.#
..# #......#.....#
#......#....#
##......#.....#
#.............
...........<..#
#.............
........#.....#
#.............
..............#
####.#........
........#....##
#.#........ ...#..###....
#.#........


You could see a two-headed ogre.

Vanquished Creatures
  Grinder (D:4)
  Menkaure (D:4)
  2 black bears (D:4)
  3 scorpions
  2 hounds (D:5)
  A jelly (D:5)
  2 orc priests
  An iguana (D:5)
  3 orc wizards
  9 gnolls
  4 adders
  A worm (D:2)
  2 dart slugs
  22 orcs
  7 endoplasms
  A giant cockroach (D:2)
  6 goblins
  9 hobgoblins
  4 jackals (D:3)
  4 kobolds
  4 quokkas
  11 ball pythons
  4 bats
  4 frilled lizards
  5 rats
113 creatures vanquished.

Notes
Turn   | Place    | Note
-------+----------+-------------------------------------------
     0 | D:1      | Anriel the Human Fighter began the quest for the Orb.
     0 | D:1      | Reached XP level 1. HP: 18/18 MP: 1/1
   154 | D:1      | Reached XP level 2. HP: 24/24 MP: 2/2
   689 | D:2      | Found Vilae's Book Emporium.
   762 | D:2      | Reached XP level 3. HP: 29/29 MP: 3/3
   801 | D:2      | Found Saosuiwo's Antique Weapon Shoppe.
   836 | D:2      | Found a faded altar of an unknown god.
   888 | D:2      | Found Itefimew's Book Shop.
  1263 | D:2      | Reached XP level 4. HP: 35/35 MP: 4/4
  1493 | D:2      | Found Facsi's Assorted Antiques.
  1502 | D:2      | Bought a scroll of identify for 32 gold pieces
  1605 | D:3      | Noticed a scorpion
  1626 | D:3      | Killed a scorpion
  1627 | D:3      | Reached skill level 1 in Throwing
  1627 | D:3      | Reached XP level 5. HP: 13/41 MP: 5/5
  1861 | D:3      | Identified the +10 dagger of the Toadstool {drain, Fly
                  | rCorr Stlth+}
  2564 | D:3      | Found a radiant altar of Vehumet.
  2649 | D:3      | Reached XP level 6. HP: 31/48 MP: 6/6
  3003 | D:4      | Reached skill level 1 in Dodging
  3003 | D:4      | Reached XP level 7. HP: 17/53 MP: 7/7
  3023 | D:4      | Found a white marble altar of Elyvilon.
  3233 | D:4      | Noticed Grinder
  3257 | D:4      | Paralysed by Grinder for 5 turns
  3262 | D:4      | Killed Grinder
  3270 | D:4      | Identified the +5 ring mail of Xuam {+Blink Will+ Str+3
                  | Dex+4}
  4093 | D:3      | Reached skill level 1 in Evocations
  4093 | D:3      | Reached XP level 8. HP: 34/60 MP: 8/8
  4117 | D:4      | Found a glowing golden altar of the Shining One.
  4328 | D:4      | Noticed Menkaure
  4331 | D:4      | Killed Menkaure
  4332 | D:4      | Reached skill level 5 in Armour
  4344 | D:4      | Found an ancient bone altar of Kikubaaqudgha.
  4503 | D:4      | Reached skill level 5 in Long Blades
  4519 | D:5      | Entered Level 5 of the Dungeon
  4594 | D:5      | Found an iron altar of Okawaru.
  4601 | D:5      | Found a shadowy altar of Dithmenos.
  4717 | D:2      | Bought a steaming arbalest for 199 gold pieces
  4717 | D:2      | Identified the +4 arbalest of Terra Cotta {vorpal, rPois
                  | rF+ rN+} (You bought it in a shop on level 2 of the
                  | Dungeon)
  4852 | D:5      | Found a staircase to the Ecumenical Temple.
  4870 | Temple   | Entered the Ecumenical Temple
  5154 | D:5      | Became a worshipper of Warmaster Okawaru
  5364 | D:5      | Noticed a two-headed ogre
  5381 | D:5      | Slain by a two-headed ogre

Illustrated notes

Levels and vault maps discovered:
D:1:      elethiomel_arrival_quiet, layout_basic
D:2:      minmay_recursive_quarters, layout_rooms,
          dreamdust_ecumenical_altar_angels_and_demons, serial_shops, shop,
          nicolae_shop_behind_doors, shop, nicolae_lakefront_shop,
          chequers_garden, minmay_small_reverse_x
D:3:      layout_basic, mainiacjoe_overflow_alcove_2, grunt_ministairs_2,
          minmay_hedge_maze
D:4:      minmay_wonky_spiral, layout_loops_cross, mainiacjoe_overflow_24_doors,
          nicolae_overflow_crystal_walls, lemuel_round_altar, uniq_grinder,
          uniq_menkaure
D:5:      layout_basic, jmf_multi_god_temple, temple_pool_b,
          minmay_joined_circles, uniq_eustachio
Temple:   nicolae_temple_bog_church

Skill      XL: |  1  2  3  4  5  6  7  8 |
---------------+-------------------------+-----
Long Blades    | 3 4 5 |  5.3
Throwing       | 1 2 3 |  3.5
Shields        | 4 |  4.8
Armour         | 4 5 |  5.4
Dodging        | 1 |  1.8
Fighting       | 4 |  4.1
Evocations     | 1 2 |  2.1

Action                   |  1- 3 |  4- 6 |  7- 9 || total
-------------------------+-------+-------+-------++-------
Melee: Long sword        |    97 |   195 |   111 ||   403
Throw: Boomerang         |    13 |    43 |    53 ||   109
  Use: Scroll            |     4 |     3 |     5 ||    12
       Potion            |       |     3 |     6 ||     9
Armor: Scale mail        |    44 |    44 |       ||    88
       Chain mail        |       |    61 |     9 ||    70
       Ring mail         |       |       |    59 ||    59
Dodge: Dodged            |    38 |    87 |    71 ||   196
Block: Buckler           |    19 |    52 |    38 ||   109
